 Dungeon Crawl Stone Soup version 0.32-a0-12-g7fc57aa741 (webtiles) character file.

Game seed: 14402402315775694359

63 oldriver the Firebug (level 3, -3/36 HPs)
             Began as a Demonspawn Fire Elementalist on Jan 15, 2024.
             Slain by a ribbon worm (6 damage)
             ... on level 2 of the Dungeon.
             The game lasted 00:02:15 (2060 turns).

oldriver the Firebug (Demonspawn Fire Elementalist) Turns: 2060, Time: 00:02:15

Health: -3/36      AC: 21    Str:  5 (8)  XL:     3   Next: 89%
Magic:  3/7        EV:  2    Int: 15 (17) God:
Gold:   85         SH:  0    Dex: 10 (13) Spells: 7/8 levels left

rFire   . . .        (no weapon)
rCold   . . .        (no shield)
rNeg    . . .        a - melded +0 robe
rPois   +            h - melded +1 helmet
rElec   .            (cloak currently unavailable)
rCorr   .            (gloves currently unavailable)
SInv    .            (boots currently unavailable)
Will    .....        (no amulet)
Stlth   ++           (no ring)
HPRegen 0.26/turn    (no ring)
MPRegen 0.10/turn

%: no passive effects
@: tree-form, held
A: stationary, stasis, torment immunity, boosted hp, ignite blood 1, (demonic
touch 1)
a: no special abilities


You were on level 2 of the Dungeon.
You were a tree.
You visited 1 branch of the dungeon, and saw 2 of its levels.

You collected 85 gold pieces.

Inventory:

Armour
 a - a +0 robe (melded)
 h - a +1 helmet (melded)
Jewellery
 i - an amulet of guardian spirit
Scrolls
 c - a scroll of immolation
 d - a scroll of identify
 k - a scroll of amnesia {unknown}
Potions
 b - a potion of magic


   Skills:
 - Level 1.7 Dodging
 - Level 1.7 Stealth
 * Level 3.1 Spellcasting
 + Level 2.0 Conjurations
 + Level 3.2 Fire Magic


You had 7 spell levels left.
You knew the following spells:

 Your Spells              Type           Power      Damage    Failure   Level
a - Foxfire               Conj/Fire      40%        2x1d6     7%          1

Your spell library contained the following spells:

 Spells                   Type           Power      Damage    Failure   Level
 Scorch                   Fire           24%        2d6       8%          2
 Inner Flame              Hex/Fire       7%         N/A       30%         3
 Volatile Blastmotes      Fire/Tloc      14%        2d11      30%         3
 Flame Wave               Conj/Fire      10%        2d6       56%         4


Dungeon Overview and Level Annotations

Branches:
Dungeon (2/15)

Altars:


Innate Abilities, Weirdness & Mutations

You are a tree.
Your roots penetrate the ground, keeping you stationary.
You cannot be teleported.
You are immune to unholy pain and torment.
Your maximum health is greatly increased.
Your equipment is partially melded.
Your demonic aura sometimes causes spilled blood to erupt in flames.
((Your touch may inflict minor irresistible damage on your foes.))


Message History

As you read the scroll labelled QIUFYB PUTHRICLI, it crumbles to dust.
It is a scroll of identify.
f - a potion of lignification The quokka twitches its whiskers.
The ribbon worm bites you.
* * * LOW HITPOINT WARNING * * *
It was a potion of degeneration.
There was something very wrong with that liquid.
You feel weakened.
You feel dopey.
You feel clumsy.
You turn into a tree.
Your +0 helmet melds into your body.
Your +0 robe melds into your body.
Your roots penetrate the ground.
The ribbon worm expels a string of sticky webbing.
The stream of webbing hits you but does no damage.
You are caught in a web!
You aren't carrying any items that you can evoke.
As you read the scroll labelled WEUZOFO FU GEU, it crumbles to dust.
The creatures around you are filled with an inner flame!
It was a scroll of immolation.
The ribbon worm bites you but does no damage.
As you read the scroll labelled USTUXO EREURUC, it crumbles to dust.
It is a scroll of enchant armour.
Your +0 helmet glows green for a moment.
The ribbon worm bites you but does no damage.
As you read the scroll labelled SAVOHA ECUTIC, it crumbles to dust.
You feel a strange sense of stasis.
It was a scroll of teleportation.
The ribbon worm bites you but does no damage.
Unknown command.
The ribbon worm expels a string of sticky webbing.
The stream of webbing hits you but does no damage.
You are even more entangled.
The ribbon worm bites you but does no damage.
The ribbon worm bites you.
* * * LOW HITPOINT WARNING * * *
The ribbon worm bites you but does no damage.
The ribbon worm bites you.
* * * LOW HITPOINT WARNING * * *
Okay, then.
You struggle to detach yourself from the web.
The ribbon worm bites you.
You die...

###############
#..............
#.#.###.#######
#######.#.##...####
#.........#.......#
#.#####.###+#####†#
#.# #.# #.....'.#
#.# #.# #.###.###
#.# #.. #♣# #.# ###
#.###w# #.# +....r#
#.### #####'#
#.#.## >..
#....#### .....
#.......+ ......+
##...#### .......#
#..## .......##


You could see a ribbon worm (inner flame) and a quokka (inner flame).

Vanquished Creatures
  Jessica (D:2)
  2 adders (D:2)
  A dart slug (D:2)
  A ribbon worm (D:2)
  2 endoplasms
  2 goblins (D:1)
  A hobgoblin (D:1)
  A kobold (D:2)
  2 ball pythons
  2 bats (D:1)
  2 frilled lizards
17 creatures vanquished.

Vanquished Creatures (others)
  79 foxfires
79 creatures vanquished.

Grand Total: 96 creatures vanquished

Notes
Turn   | Place    | Note
-------+----------+-------------------------------------------
     0 | D:1      | oldriver the Demonspawn Fire Elementalist began the quest
                  | for the Orb.
     0 | D:1      | Reached XP level 1. HP: 13/13 MP: 3/3
   752 | D:1      | Gained mutation: Your touch may inflict minor irresistible
                  | damage on your foes. [demonic ancestry]
   752 | D:1      | Reached XP level 2. HP: 19/19 MP: 1/5
  1205 | D:2      | Noticed Jessica
  1225 | D:2      | Killed Jessica
  1226 | D:2      | Gained mutation: Your demonic aura sometimes causes spilled
                  | blood to erupt in flames. [demonic ancestry]
  1226 | D:2      | Reached XP level 3. HP: 24/24 MP: 1/7
  1609 | D:2      | Found a faded altar of an unknown god.
  2060 | D:2      | Slain by a ribbon worm

Illustrated notes

Levels and vault maps discovered:
D:1:      roderic_dead_forest, layout_loops_ring, minmay_misc_feat_tower
D:2:      layout_loops_corners, shapermc_ecumenical_altar_mp_vishouse,
          minmay_misc_feat_encased, uniq_jessica

Skill      XL: |  1  2  3 |
---------------+----------+-----
Fire Magic     | 3 |  3.2
Spellcasting   | 3 |  3.1
Conjurations   | 2 |  2.0
Dodging        | |  1.7
Stealth        | |  1.7

Action                     || total
---------------------------++-------
  Melee: Unarmed           ||     4
   Cast: Foxfire           ||    66
    Use: Scroll            ||     4
         Potion            ||     2
 Armour: Robe              ||    19
         Skin              ||     8
  Dodge: Dodged            ||    11

Table legend: (Time is in decaauts)
 A = Elapsed time spent in this place.
 B = Non-inter-level travel time spent in this place.
 C = Inter-level travel time spent in this place.
 D = Time resting spent in this place.
 E = Time spent auto-exploring this place.
 F = Levels seen in this place.
 G = Mean time per level.
                   A        B        C        D        E       F      G
               +--------+--------+--------+--------+--------+-----+--------+
         Total |   2061 |   2019 |     42 |    322 |   1427 |   2 | 1030.5 |
       Dungeon |   2061 |   2019 |     42 |    322 |   1427 |   2 | 1030.5 |
               +--------+--------+--------+--------+--------+-----+--------+

Top non-repeatable levels by time:
     D:1: 1154 daAuts
     D:2: 907 daAuts
